 Dungeon Crawl Stone Soup version 0.29.0-13-gc9e81de378 (webtiles) character file.

Game seed: 2971017579026827765

15640 Arum the Fighter (level 12, 0/100 HPs)
             Began as a Formicid Fighter on Sept 9, 2022.
             Was a High Priest of Cheibriados.
             Slain by a boulder beetle (40 damage)
             ... on level 11 of the Dungeon.
             The game lasted 00:15:24 (10808 turns).

Arum the Fighter (Formicid Fighter)                Turns: 10808, Time: 00:15:24

Health: 0/100      AC: 25    Str: 37    XL:     12   Next: 60%
Magic:  20/20      EV:  8    Int: 25    God:    Cheibriados [*****.]
Gold:   609        SH:  6    Dex: 24    Spells: 11/11 levels left

rFire   . . .      SeeInvis +   a - +2 quarterstaff (venom)
rCold   . . .      Faith    .   c - +0 buckler
rNeg    . . .      Spirit   .   r - +1 plate armour
rPois   .          Reflect  .   (helmet unavailable)
rElec   .          Harm     .   (no cloak)
rCorr   .          Rampage  .   H - +0 pair of gloves
Will    +....                   w - +2 pair of boots
Stlth   ..........              k - amulet of magic regeneration
HPRegen 0.26/turn               p - +4 ring of protection
MPRegen 0.57/turn               E - +6 ring of intelligence

@: very slow
A: permanent stasis, dig shafts and tunnels, antennae 3, four strong arms
a: Dig, Shaft Self, Renounce Religion, Bend Time, Temporal Distortion, Slouch,
Step From Time


You were on level 11 of the Dungeon.
You worshipped Cheibriados.
Cheibriados was extremely pleased with you.
You visited 1 branch of the dungeon, and saw 11 of its levels.
You also visited: Ossuary.

You collected 609 gold pieces.

Inventory:

Hand Weapons
 a - a +2 quarterstaff of venom (weapon)
 B - a +0 giant spiked club of flaming
Missiles
 o - a throwing net
Armour
 c - a +0 buckler (worn)
 r - a +1 plate armour (worn)
 w - a +2 pair of boots (worn)
 F - +0 swamp dragon scales
 H - a +0 pair of gloves (worn)
Jewellery
 k - an amulet of magic regeneration (around neck)
 p - a +4 ring of protection (left hand)
 E - a +6 ring of intelligence (right hand)
Wands
 j - a wand of digging (7)
 m - a wand of flame (20)
 x - a wand of charming (8)
 D - a wand of polymorph (6)
 G - a wand of light (4)
Scrolls
 b - 2 scrolls of brand weapon
 i - 2 scrolls of amnesia
 q - a scroll of summoning
 t - 4 scrolls of magic mapping
 u - a scroll of enchant weapon
 v - 2 scrolls of vulnerability
 y - 2 scrolls of butterflies
 A - a scroll of enchant armour
 I - a scroll of acquirement {unknown}
Potions
 d - 2 potions of might
 e - 4 potions of haste {unknown}
 f - 5 potions of attraction
 g - 5 potions of curing
 h - 3 potions of heal wounds
 l - 3 potions of flight
 n - 2 potions of lignification
 s - a potion of degeneration {unknown}
 z - 4 potions of brilliance
 C - a potion of mutation {unknown}


   Skills:
 + Level 11.5 Fighting
 + Level 10.4 Staves
 + Level 11.5 Armour
 - Level 4.0 Shields
 + Level 11.1 Invocations


You had 11 spell levels left.
You didn't know any spells.
Your spell library contained the following spells:

 Spells                   Type           Power      Damage    Failure   Level
 Slow                     Hex            0%         N/A       61%         1
 Ensorcelled Hibernation  Hex/Ice        0%         N/A       75%         2
 Static Discharge         Conj/Air       0%         3-3/arc   75%         2
 Call Canine Familiar     Summ           0%         N/A       93%         3
 Confusing Touch          Hex            0%         N/A       93%         3
 Ignite Poison            Fire/Tmut/Pois 0%         N/A       93%         3
 Mephitic Cloud           Conj/Pois/Air  0%         N/A       93%         3
 Portal Projectile        Hex/Tloc       0%         N/A       93%         3
 Spider Form              Tmut/Pois      0%         N/A       93%         3
 Stone Arrow              Conj/Erth      0%         3d7       93%         3
 Vampiric Draining        Necr           0%         2d6       93%         3
 Anguish                  Hex/Necr       0%         N/A       100%        4
 Animate Armour           Summ/Erth      0%         N/A       100%        4
 Leda's Liquefaction      Hex/Erth       0%         N/A       100%        4
 Freezing Cloud           Conj/Ice/Air   0%         6-21      100%        5
 Lee's Rapid Deconstruct  Erth           0%         3d5*      100%        5
 Lightning Bolt           Conj/Air       0%         1d11      100%        5
 Statue Form              Tmut/Erth      0%         N/A       100%        6
 Lehudib's Crystal Spear  Conj/Erth      0%         10d2      100%        8
 Maxwell's Capacitive Co  Air            0%         ∞         100%        8


Dungeon Overview and Level Annotations

Branches:
Dungeon (11/15)            Temple (0/1) D:7            Lair (0/5) D:11
    Orc (0/2) D:10        Ossuary (visited)

Altars:
Ashenzari
Cheibriados
Dithmenos
Fedhas
Hepliaklqana
Makhleb
Okawaru
Qazlal
Ru
Sif Muna
Trog
Uskayaw
Wu Jian
Zin

Annotations:
D:8 3 runed translucent doors, 112233's ghost, novice OpSu
D:10 exclusion: 2 oklob plants


Innate Abilities, Weirdness & Mutations

You cannot be hasted, slowed, berserked, paralysed or teleported.
You can dig through walls and to a lower floor.
You have a pair of large antennae on your head. (SInv)
Your four strong arms can wield two-handed weapons with a shield.


Message History

The wyvern bites you but does no damage.
You barely miss the wyvern.
The wyvern is severely wounded.
The wyvern barely misses you. You block the wyvern's attack.
You thump the wyvern!
You kill the wyvern!
Cheibriados thoroughly appreciates the change of pace.
You closely miss the iguana. The iguana bites you!
You sock the iguana!
You kill the iguana!
Cheibriados thoroughly appreciates the change of pace.
You hit the wyvern.
The wyvern is poisoned.
The wyvern is lightly wounded.
You block the wyvern's attack.
The wyvern bites you but does no damage.
You bludgeon the wyvern!!
The wyvern is almost dead.
The wyvern bites you but does no damage.
You hit the wyvern.
You kill the wyvern!
Cheibriados thoroughly appreciates the change of pace.
You start resting.
You sense a monster nearby.
You start resting.
A yak comes into view.
You sock the yak!
The yak looks as sick as possible!
The yak is moderately wounded.
The yak gores you but does no damage.
You barely miss the yak.
The yak is moderately wounded.
A boulder beetle comes into view.
The yak barely misses you.
You thump the yak!
The yak is severely wounded.
You sock the yak!
You kill the yak!
Cheibriados appreciates the change of pace.
The boulder beetle curls into a ball and begins rolling!
The boulder beetle hits you!!!
You die...

#.# #.# #.# #.# #.#
#..# #.# #..# #.#
#..# #.# #.# #..# #.#
#@# #..# #.#
######B#####..# #.# #
......○........# #.#
# ...P...........#
#.# #
P.♣...P..###...####.#
# {{......#
#.......># #
.♣P..P...# #......[†#
# .P♣......#
#........####
♣......P..
#..####......


You could see a boulder beetle (rolling).

Vanquished Creatures
  Erolcha (D:9)
  7 two-headed ogres
  Pikel (D:8)
  An ugly thing (D:11)
  Maurice (D:9)
  Psyche (D:9)
  Maggie (D:9)
  3 trolls
  Sigmund (D:2)
  15 yaks
  A wraith (D:10)
  4 wyverns
  A steam dragon (D:6)
  A basilisk (D:11)
  2 wargs (D:10)
  An acid dragon (D:10)
  A floating eye (D:10)
  Duvessa (D:4)
  3 water moccasins
  2 ice beasts
  2 orc warriors
  A sky beast (D:6)
  An ogre (D:4)
  4 black bears
  5 centaurs
  2 lemures (D:8)
  2 phantoms
  Blork the orc (D:4)
  A bullfrog (D:8)
  A necrophage (D:6)
  3 scorpions
  10 water moccasin zombies (Ossuary)
  8 wights (D:9)
  Dowan (D:4)
  6 killer bees (D:10)
  2 howler monkeys
  6 hounds
  8 orc priests
  3 jellies
  2 gnoll boudas (D:7)
  3 iguanas
  Natasha (thrice) (D:2)
  8 orc wizards
  2 mummies (Ossuary)
  4 adders
  13 gnolls
  A shadow imp (D:5)
  2 white imps
  4 adder zombies (Ossuary)
  2 worms
  3 dart slugs
  45 orcs
  6 bats
  8 endoplasms
  2 giant cockroaches (D:4)
  9 goblins
  12 hobgoblins
  15 jackals
  4 quokkas
  10 ball pythons
  3 frilled lizards
  4 gnoll zombies (Ossuary)
  7 hobgoblin zombies (Ossuary)
  7 kobolds
  4 kobold zombies (Ossuary)
  4 orc zombies (Ossuary)
  A rat (D:1)
304 creatures vanquished.

Vanquished Creatures (collateral kills)
  A worm (D:4)
1 creature vanquished.

Vanquished Creatures (others)
  An adder (D:6)
  A fungus (D:11)
  6 plants (D:11)
8 creatures vanquished.

Grand Total: 313 creatures vanquished

Notes
Turn   | Place    | Note
-------+----------+-------------------------------------------
     0 | D:1      | Arum the Formicid Fighter began the quest for the Orb.
     0 | D:1      | Reached XP level 1. HP: 18/18 MP: 1/1
    36 | D:1      | Reached XP level 2. HP: 20/24 MP: 2/2
   226 | D:1      | Reached XP level 3. HP: 23/30 MP: 3/3
   771 | D:2      | Noticed Natasha
   779 | D:2      | Killed Natasha
   780 | D:2      | Reached XP level 4. HP: 21/37 MP: 4/4
   910 | D:2      | Noticed Sigmund
   920 | D:2      | Killed Sigmund
   921 | D:2      | Reached XP level 5. HP: 30/43 MP: 5/5
   921 | D:2      | Reached XP level 6. HP: 34/50 MP: 6/6
  1125 | D:2      | Reached skill level 5 in Fighting
  1125 | D:2      | Reached skill level 5 in Armour
  1374 | D:2      | Found a snail-covered altar of Cheibriados.
  1381 | D:2      | Became a worshipper of Cheibriados the Contemplative
  1406 | D:2      | Noticed Natasha
  1414 | D:2      | Killed Natasha
  1485 | D:2      | Noticed Natasha
  1495 | D:2      | Killed Natasha
  1861 | D:3      | Reached * piety under Cheibriados
  2535 | D:4      | Noticed an ogre
  2543 | D:4      | Killed an ogre
  2544 | D:4      | Reached skill level 1 in Invocations
  2544 | D:4      | Reached XP level 7. HP: 55/56 MP: 7/7
  2562 | D:4      | Noticed Blork the orc
  2566 | D:4      | Killed Blork the orc
  2569 | D:4      | Found a sand-covered staircase.
  2585 | Ossuary  | Entered an ossuary
  2734 | Ossuary  | Reached ** piety under Cheibriados
  2740 | Ossuary  | Reached XP level 8. HP: 54/64 MP: 8/10
  2791 | Ossuary  | Reached skill level 5 in Staves
  3117 | D:4      | Reached *** piety under Cheibriados
  3327 | D:4      | Noticed Dowan
  3330 | D:4      | Noticed Duvessa
  3339 | D:4      | Killed Duvessa
  3343 | D:4      | Killed Dowan
  3496 | D:4      | Reached XP level 9. HP: 70/71 MP: 12/12
  3719 | D:4      | Reached **** piety under Cheibriados
  3835 | D:4      | Found a shimmering blue altar of Sif Muna.
  3838 | D:4      | Found a hide-covered altar of Uskayaw.
  3846 | D:4      | Found a blossoming altar of Fedhas.
  3849 | D:4      | Found a glowing silver altar of Zin.
  3852 | D:4      | Found an ornate altar of the Wu Jian Council.
  3857 | D:4      | Found a hazy altar of Hepliaklqana.
  3945 | D:5      | Entered Level 5 of the Dungeon
  4023 | D:5      | Reached skill level 5 in Invocations
  4367 | D:5      | Found a shadowy altar of Dithmenos.
  4375 | D:5      | Found a broken altar of Ashenzari.
  4699 | D:5      | Found a bloodstained altar of Trog.
  5224 | D:6      | Reached ***** piety under Cheibriados
  5230 | D:6      | Reached XP level 10. HP: 74/80 MP: 14/14
  5957 | D:7      | Found a staircase to the Ecumenical Temple.
  6015 | D:7      | Noticed a two-headed ogre
  6030 | D:7      | Killed a two-headed ogre
  6847 | D:8      | Noticed Pikel
  6854 | D:8      | Killed Pikel
  7302 | D:8      | Found a runed translucent gate.
  7302 | D:8      | Found a runed translucent gate.
  7303 | D:8      | Noticed 112233's ghost (novice OpSu)
  7304 | D:8      | Found a runed translucent gate.
  7702 | D:9      | Noticed Erolcha
  7702 | D:9      | Noticed Maurice
  7717 | D:9      | Killed Erolcha
  7718 | D:9      | Reached XP level 11. HP: 66/89 MP: 17/17
  7725 | D:9      | Killed Maurice
  7847 | D:9      | Found a burning altar of Makhleb.
  7872 | D:9      | Found a sacrificial altar of Ru.
  7873 | D:9      | Found an iron altar of Okawaru.
  8110 | D:9      | Reached skill level 10 in Fighting
  8110 | D:9      | Reached skill level 10 in Armour
  8173 | D:9      | Noticed a two-headed ogre
  8183 | D:9      | Killed a two-headed ogre
  8491 | D:9      | Noticed Psyche
  8496 | D:9      | Noticed Maggie
  8499 | D:9      | Killed Psyche
  8502 | D:9      | Killed Maggie
  8868 | D:10     | Entered Level 10 of the Dungeon
  8870 | D:10     | Identified the +5 great sword of Egomania {flame, Fly rC-
                  | SInv Stlth+}
  8906 | D:10     | Noticed a two-headed ogre
  8916 | D:10     | Killed a two-headed ogre
  9179 | D:10     | Noticed a two-headed ogre
  9186 | D:10     | Reached skill level 10 in Invocations
  9199 | D:10     | Killed a two-headed ogre
  9200 | D:10     | Reached XP level 12. HP: 40/99 MP: 19/19
  9833 | D:10     | Found a staircase to the Orcish Mines.
  9853 | D:10     | Noticed a two-headed ogre
  9860 | D:10     | Killed a two-headed ogre
 10057 | D:10     | Found a stormy altar of Qazlal.
 10222 | D:11     | Noticed a two-headed ogre
 10222 | D:11     | Noticed a two-headed ogre
 10234 | D:11     | Reached skill level 10 in Staves
 10240 | D:11     | Killed a two-headed ogre
 10245 | D:11     | Killed a two-headed ogre
 10743 | D:11     | Found a staircase to the Lair.
 10805 | D:11     | Noticed a boulder beetle
 10808 | D:11     | Slain by a boulder beetle

Illustrated notes

Levels and vault maps discovered:
D:1:      doesnt_arrival_eight_statues, layout_basic
D:2:      layout_rooms, basic_altar, uniq_sigmund, uniq_natasha
D:3:      layout_loops_cross, saegor_snake_ambush
D:4:      layout_cave_pools, nicolae_overflow_hallway_of_the_gods,
          nicolae_ossuary_entry_monument, minmay_bent, uniq_blork_the_orc,
          uniq_duvessa
D:5:      layout_basic, trog_ov_bears_minmay, mainiacjoe_overflow_big_doors
D:6:      layout_basic, hex_large, minmay_diced_spiral
D:7:      layout_loops_ring, minmay_temple_entry_wispy, st_stairs_2
D:8:      layout_basic, ebering_ghost_rock_garden, uniq_pikel
D:9:      layout_basic, gammafunk_temple_overflow_pools,
          mainiacjoe_overflow_alcove_4, uniq_maurice, uniq_psyche, uniq_maggie,
          uniq_erolcha
D:10:     layout_irregular_city, lemuel_doored_altar, erik_orc_4,
          serial_column_ruins, column_ruins_hut, column_ruins_grid_1,
          column_ruins_grid_2, column_ruins_columns_corner,
          hangedman_abyss_or_decor_clamps, chequers_serial_rivers_small_b,
          disabler_island
D:11:     layout_long_grid, minmay_lair_entry_grove

Skill      XL: |  1  2  3  4  5  6  7  8  9 10 11 12 |
---------------+-------------------------------------+-----
Fighting       | 4 5 6 8 9 10 11 | 11.5
Armour         | 4 5 6 8 9 10 11 | 11.5
Staves         | 3 4 5 7 8 9 10 | 10.4
Invocations    | 1 2 4 6 8 10 11 | 11.1
Shields        | |  4.0

Action                   |  1- 3 |  4- 6 |  7- 9 | 10-12 || total
-------------------------+-------+-------+-------+-------++-------
Melee: Quarterstaff      |    56 |   116 |   343 |   395 ||   910
Invok: Slouch            |       |       |       |     7 ||     7
 Abil: Dig               |       |       |     1 |     1 ||     2
Evoke: Wand              |       |       |       |     1 ||     1
  Use: Scroll            |       |     5 |    10 |     7 ||    22
       Potion            |       |     1 |       |     1 ||     2
 Stab: Invisible         |       |       |       |     2 ||     2
Armor: Scale mail        |    26 |    64 |    68 |       ||   158
       Plate armour      |       |       |   130 |   222 ||   352
Dodge: Dodged            |    26 |    52 |   146 |   144 ||   368
Block: Buckler           |    14 |    37 |   101 |   122 ||   274
